 Dungeon Sprint DCSS version 0.16-a0-3807-g3748f16 (console) character file.

42 Monkaria the Chopper (level 3, -4/37 HPs)
             Began as a Hill Orc Fighter on Jan 27, 2015.
             Slain by a water elemental (18 damage)
             ... in the Dungeon (Sprint III: "The Ten Rune Challenge").
             The game lasted 00:02:16 (769 turns).

Monkaria the Chopper (Hill Orc Fighter)              Turns: 769, Time: 00:02:16

Health: -4/37      AC:  6    Str: 19    XL:     3   Next: 54%
Magic:  3/3        EV:  7    Int:  8    God:
Gold:   15         SH:  9    Dex: 10    Spells: 0 memorised, 2 levels left

rFire  . . .     SeeInvis .     a - +0 war axe
rCold  . . .     Clarity  .     b - +0 scale mail
rNeg   . . .     SustAb   .     c - +0 shield
rPois  .         Gourm    .     (no helmet)
rElec  .         Spirit   .     (no cloak)
rCorr  .         Warding  .     (no gloves)
rMut   .         NoTele   +     (no boots)
MR     .....                    (no amulet)
Stlth  ..........               (no ring)
                                (no ring)

@: not resistant to hostile enchantments, extremely unstealthy
A: no striking features
a: no special abilities


You were in the Dungeon.
You were not hungry.

You visited 1 branch You collected 15 gold pieces.

Inventory:

Hand weapons
 a - a +0 war axe (weapon)
Armour
 b - a +0 scale mail (worn)
 c - a +0 shield (worn)
Scrolls
 k - a scroll of blinking
 n - a scroll of holy word {unknown}
 p - a scroll of immolation {unknown}
 t - a scroll of torment {unknown}
 u - 2 scrolls of remove curse
Potions
 e - a potion of might
 f - a potion of curing
 g - a potion of heal wounds
 h - a potion of haste
 i - 2 potions of magic
 j - a potion of berserk rage
 l - a potion of cancellation
 r - 2 potions of cure mutation
 s - 3 potions of flight
 v - a potion of resistance
Comestibles
 d - a meat ration
 q - 2 royal jellies


   Skills:
 + Level 5.8 Fighting
 * Level 7.6 Axes
 - Level 3.2 Armour
 - Level 3.2 Shields


You had 2 spell levels left.
You didn't know any spells.

Dungeon Overview and Level Annotations

Branches:
Dungeon (1/1)

Altars:


Message History

The water elemental is moderately damaged.
The water elemental hits you!
The water elemental engulfs you in water!
You hit the water elemental.
The water elemental is heavily damaged.
Your lungs strain for air!
You block the water elemental's attack.
You hit the water elemental.
The water elemental is severely damaged.
Your lungs strain for air!
The water elemental barely misses you. You block the water elemental's attack.
With effort, you pull free of the water engulfing you.
You gasp with relief as air once again reaches your lungs.
You hit the water elemental but do no damage.
The water elemental is severely damaged.
The water elemental hits you.
You hit the water elemental but do no damage.
The water elemental is severely damaged.
You block the water elemental's attack. The water elemental hits you!!
You die...

▓▓▓▓▓▓▓▓▓▓▓▓▓ ▓▓▓
▓<.#..'.....♣ ♣.#
▓..#..#....♣♣ ♣♣.#
▓#'####.....♣♣ ♣..#
▓.....#....≈.♣♣♣♣.# #+#+#
▓.....#...≈≈...♣..#.......
▓....)#..≈≈≈≈....!'.⌠.....
▓####'#..≈≈≈≈≈≈.@E#...####
▓.....#.≈≈≈≈≈≈....# ⌠.#
▓.[...#.≈≈≈≈≈.....# .#
▓.....#.≈≈≈.......# #
▓'#####...........#
▓.................#
▓▓▓▓▓▓▓▓▓▓▓▓▓▓▓▓▓▓▓


You could see a water elemental.

Vanquished Creatures
  A human (D)
  Jessica (D)
  A phantom (D)
  An ooze (D)
  2 rats (D)
6 creatures vanquished.

Vanquished Creatures (others)
  2 draconian scorchers (D)
  A yaktaur (D)
3 creatures vanquished.

Grand Total: 9 creatures vanquished

Notes
Turn   | Place    | Note
--------------------------------------------------------------
     0 | D        | Monkaria, the Hill Orc Fighter, began the quest for the Orb.
     0 | D        | Reached XP level 1. HP: 19/19 MP: 1/1
     5 | D        | Reached skill level 4 in Fighting
    11 | D        | Noticed Jessica
    11 | D        | Killed a yaktaur
    18 | D        | HP: 1/20 [Jessica (3)]
   306 | D        | Killed a white draconian scorcher
   328 | D        | Killed a white draconian scorcher
   334 | D        | Killed Jessica
   334 | D        | Reached skill level 5 in Fighting
   334 | D        | Reached skill level 6 in Axes
   334 | D        | Reached XP level 2. HP: 16/29 MP: 2/2
   499 | D        | Reached skill level 7 in Axes
   499 | D        | Reached XP level 3. HP: 11/37 MP: 3/3
   757 | D        | Noticed a water elemental
   769 | D        | Slain by a water elemental

Action                   || total
-------------------------++-------
Melee: War axe           ||    30
  Use: Scroll            ||     3
